 Dungeon Crawl Stone Soup version 0.26.0-7-g794d0892b4 (webtiles) character file.

Game seed: 14759826368386611471

9597 lastplaneout the Spear-Bearer (level 11, -17/87 HPs)
             Began as a Formicid Fighter on Jan 11, 2021.
             Was a Follower of Uskayaw.
             Killed by refrigeration
             ... invoked by Fannar
              (27 damage)
             ... on level 10 of the Dungeon on Jan 12, 2021.
             The game lasted 00:30:48 (12860 turns).

lastplaneout the Spear-Bearer (Formicid Fighter)   Turns: 12860, Time: 00:30:48

Health: -17/87     AC: 16    Str: 24    XL:     11   Next: 77%
Magic:  0/11       EV:  8    Int:  8    God:    Uskayaw [*.....]
Gold:   1313       SH: 13    Dex: 16    Spells: 10/10 levels left

rFire    + . .     SeeInvis +   a - +4 bardiche (vamp)
rCold    . . .     Faith    .   c - +0 kite shield
rNeg     . . .     Spirit   +   s - +2 chain mail {rF+}
rPois    .         Reflect  .   (helmet unavailable)
rElec    .         Harm     .   o - +1 cloak
rCorr    .         Rampage  .   (no gloves)
Will     +....                  (no boots)
Stlth    ..........             d - amulet of guardian spirit
HPRegen  0.24/turn              w - +6 ring of dexterity
MPRegen  0.12/turn              u - ring of stealth

@: no status effects
A: permanent stasis, dig shafts and tunnels, four strong arms, antennae 3
a: Dig, Shaft Self, Renounce Religion, Stomp


You were on level 10 of the Dungeon.
You worshipped Uskayaw.
Uskayaw was noncommittal.
You visited 1 branch of the dungeon, and saw 10 of its levels.

You collected 1313 gold pieces.

Inventory:

Hand Weapons
 a - a +4 vampiric bardiche (weapon)
 v - a +3 war axe
Armour
 c - a +0 kite shield (worn)
 o - a +1 cloak (worn)
 s - a +2 chain mail of fire resistance (worn)
 D - +0 steam dragon scales
Jewellery
 d - an amulet of guardian spirit (around neck)
 f - a cursed +4 ring of evasion {unknown}
 u - a ring of stealth (right hand)
 w - a +6 ring of dexterity (left hand)
Wands
 i - a wand of flame (25)
 l - a wand of iceblast (5)
 A - a wand of polymorph (7)
Scrolls
 b - a scroll of enchant armour {unknown}
 g - a scroll of amnesia
 h - 5 scrolls of remove curse
 q - a scroll of fog
 y - a scroll of enchant weapon {unknown}
 z - a scroll of vulnerability {unknown}
 B - a scroll of silence {unknown}
 C - a scroll of noise {unknown}
Potions
 e - 9 potions of curing
 j - a potion of magic
 k - 4 potions of cancellation
 m - 7 potions of flight
 n - 2 potions of invisibility
 p - 4 potions of brilliance
 r - 3 potions of resistance


   Skills:
 + Level 8.5 Fighting
 - Level 11.0 Polearms
 + Level 10.1 Armour
 + Level 10.5 Shields


You had 10 spell levels left.
You didn't know any spells.
Your spell library contained the following spells:

 Spells                   Type           Power        Failure   Level
 Foxfire                  Conj/Fire      0%           93%         1
 Conjure Flame            Conj/Fire      0%           100%        3
 Inner Flame              Hex/Fire       0%           100%        3
 Sticky Flame             Conj/Fire      0%           100%        4
 Fireball                 Conj/Fire      0%           100%        5


Dungeon Overview and Level Annotations

Branches:
Dungeon (10/15)            Temple (0/1) D:4             Orc (0/2) D:9
   Lair: D:8-11

Altars:
Ru
Trog
Uskayaw
Yredelemnul

Shops:
D:6 (   D:7 !

Annotations:
D:10 Fannar


Innate Abilities, Weirdness & Mutations

You cannot be hasted, slowed, berserked, paralysed or teleported.
You can dig through walls and to a lower floor.
Your four strong arms can wield two-handed weapons with a shield.
You have a pair of large antennae on your head. (SInv)


Message History

You chop the ice beast into pieces!!!
You kill the ice beast!
You block the ice beast's attack.
The ice beast hits you but does no damage.
You barely miss Fannar.
Fannar is moderately wounded.
The ice beast hits you but does no damage.
The ice beast barely misses you. Fannar gestures at you while chanting.
The bolt of cold hits you!!
* * * LOW HITPOINT WARNING * * *
The ice beast hits you but does no damage.
The ice beast closely misses you. Fannar hits you but does no damage.
You can no longer pass through a line of other dancers.
The ice beast hits you but does no damage.
Fannar gestures wildly while chanting.
Fannar casts a spell.
Fannar drains the heat from the surrounding environment!
You feel very cold.
You die...

....##....
###.........
##.#.........
#.......# ...
#.......#..##
##†.##.......
###...Ye...[...
##..†Y..########
##...@.Y)#
#....###)#
##.....†.#
##..#..#..## {{{
#...#......# { {
#...#......##
{{{
##...†......# {
#..........## {
##..........# {


You could see Fannar (icy armour) and 3 ice beasts.

Vanquished Creatures
  Harold (D:7)
  Erica (D:8)
  A two-headed ogre (D:10)
  A manticore (D:10)
  Maurice (D:8)
  Psyche (D:10)
  Maggie (D:10)
  Sigmund (D:2)
  7 yaks
  A wraith (D:10)
  Grum (D:9)
  2 wyverns
  A steam dragon (D:10)
  A water moccasin (D:8)
  4 orc warriors
  2 ice beasts (D:8)
  3 phantoms
  4 ogres
  2 wolves (D:8)
  2 centaurs
  6 big kobolds
  6 bullfrogs
  5 scorpions
  2 killer bees
  8 wights
  2 howler monkeys (D:8)
  An electric eel (D:6)
  A centaur zombie (D:7)
  A quasit (D:6)
  A bullfrog zombie (D:6)
  4 hounds
  A jelly (D:5)
  5 orc priests
  A bullfrog skeleton (D:10)
  4 iguanas
  5 worker ants
  8 orc wizards
  A hound zombie (D:8)
  2 hound skeletons (D:8)
  2 howler monkey zombies
  12 adders
  5 gnolls
  A howler monkey skeleton (D:10)
  A shadow imp (D:7)
  3 white imps
  An ufetubus (D:6)
  An adder zombie (D:5)
  2 oozes
  3 worms
  3 dart slugs (D:1)
  8 leopard geckos
  45 orcs
  3 ball pythons
  6 giant cockroaches
  11 goblins
  6 hobgoblins
  11 jackals
  54 kobolds
  3 quokkas
  6 bats
  5 frilled lizards
  A jackal skeleton (D:8)
  A leopard gecko skeleton (D:4)
  4 rats
300 creatures vanquished.

Notes
Turn   | Place    | Note
-------+----------+-------------------------------------------
     0 | D:1      | lastplaneout the Formicid Fighter began the quest for the
                  | Orb.
     0 | D:1      | Reached XP level 1. HP: 18/18 MP: 1/1
    75 | D:1      | Reached XP level 2. HP: 7/24 MP: 2/2
   303 | D:1      | Reached skill level 3 in Polearms
   466 | D:1      | Reached XP level 3. HP: 23/29 MP: 3/3
  1275 | D:2      | Reached skill level 4 in Polearms
  1275 | D:2      | Reached XP level 4. HP: 30/35 MP: 4/4
  1594 | D:2      | Noticed Sigmund
  1628 | D:2      | Killed Sigmund
  1629 | D:2      | Reached skill level 6 in Polearms
  1629 | D:2      | Reached XP level 5. HP: 11/41 MP: 5/5
  1629 | D:2      | Reached XP level 6. HP: 13/47 MP: 6/6
  3846 | D:3      | Found a hide-covered altar of Uskayaw.
  3865 | D:3      | Became a worshipper of Uskayaw the Reveller
  3909 | D:3      | Reached * piety under Uskayaw
  3968 | D:3      | Found a sacrificial altar of Ru.
  4132 | D:3      | Found a basalt altar of Yredelemnul.
  4133 | D:3      | Found a bloodstained altar of Trog.
  4174 | D:4      | Noticed a phantom
  4191 | D:4      | Reached ** piety under Uskayaw
  4195 | D:4      | Reached *** piety under Uskayaw
  4201 | D:4      | Killed a phantom
  4202 | D:4      | Reached skill level 7 in Polearms
  4202 | D:4      | Reached XP level 7. HP: 42/52 MP: 7/7
  4263 | D:4      | Found a staircase to the Ecumenical Temple.
  4734 | D:5      | Entered Level 5 of the Dungeon
  4844 | D:5      | Reached skill level 8 in Polearms
  4947 | D:5      | Reached XP level 8. HP: 32/58 MP: 8/8
  5463 | D:5      | Reached skill level 9 in Polearms
  6254 | D:6      | Found Voiplait's Weapon Emporium.
  6624 | D:6      | Got a pair of shimmering gloves
  6630 | D:6      | Identified the -4 pair of gloves of the Stag {Int+4} (You
                  | found it on level 6 of the Dungeon)
  6750 | D:6      | Reached skill level 10 in Polearms
  6754 | D:6      | Reached **** piety under Uskayaw
  6780 | D:6      | Reached ***** piety under Uskayaw
  6787 | D:6      | Reached XP level 9. HP: 32/64 MP: 9/9
  7237 | D:6      | Reached skill level 11 in Polearms
  7652 | D:7      | Found Fenu's Distillery.
  8105 | D:7      | Noticed Harold
  8150 | D:7      | Killed Harold
  8151 | D:7      | Reached skill level 5 in Armour
  8151 | D:7      | Reached skill level 5 in Shields
  8921 | D:8      | Noticed Maurice
  8957 | D:8      | Killed Maurice
  8958 | D:8      | Reached skill level 5 in Fighting
  8958 | D:8      | Reached XP level 10. HP: 44/74 MP: 10/10
  9243 | D:8      | Noticed Erica
  9267 | D:8      | Killed Erica
 10375 | D:8      | Found a sacrificial altar of Ru.
 10465 | D:9      | Noticed Grum
 10770 | D:9      | Killed Grum
 10943 | D:9      | Reached XP level 11. HP: 41/84 MP: 5/11
 11902 | D:9      | Found a staircase to the Orcish Mines.
 12049 | D:10     | Entered Level 10 of the Dungeon
 12049 | D:10     | Noticed Psyche
 12071 | D:10     | Killed Psyche
 12072 | D:10     | Noticed Maggie
 12115 | D:10     | Killed Maggie
 12460 | D:10     | Noticed a two-headed ogre
 12481 | D:10     | Killed a two-headed ogre
 12653 | D:9      | Identified a scroll of acquirement
 12654 | D:9      | Acquired a +4 vampiric bardiche
 12719 | D:10     | Noticed a manticore
 12723 | D:10     | Reached skill level 10 in Shields
 12732 | D:10     | Killed a manticore
 12791 | D:10     | Reached skill level 10 in Armour
 12820 | D:10     | Reached ****** piety under Uskayaw
 12832 | D:10     | Noticed Fannar
 12860 | D:10     | Killed from afar by Fannar

Illustrated notes

Levels and vault maps discovered:
D:1:      dpeg_arrival_arbitrary_b, layout_basic
D:2:      layout_basic, serial_rivers, chequers_serial_rivers_small_a,
          chequers_serial_rivers_large_a, chequers_serial_rivers_marsh,
          chequers_serial_rivers_large_b, chequers_serial_rivers_micro_a,
          chequers_serial_rivers_marsh, minmay_pentomino_t4, uniq_sigmund
D:3:      minmay_angry_zag, layout_basic, general_overflow_altar,
          gammafunk_temple_overflow_statue, eat_drink_and_be_merry_uskayaw
D:4:      cheibrodos_quashed, layout_rooms, minmay_temple_entry_hall
D:5:      layout_rooms, cheibrodos_sewer_entry_bend
D:6:      minmay_goblin_kobold_castle, layout_loops_cross, serial_shops,
          nicolae_shop_trees
D:7:      layout_loops_ring, serial_shops, shop, fountainhead, uniq_harold
D:8:      minmay_polygon_palace, layout_basic, nicolae_ru_path_of_blood,
          uniq_maurice, uniq_erica
D:9:      layout_rooms, hiddenorc1_lemuel, minmay_orc_keep, uniq_grum
D:10:     minmay_the_grid_triangle_9x9_rhombus_full
          [minmay_the_grid_triangle_9x9_negative_grid,
          minmay_the_grid_triangle_9x9_tough_junction,
          minmay_the_grid_triangle_9x9_swiss_cheese,
          minmay_the_grid_triangle_9x9_wacky_v,
          minmay_the_grid_triangle_9x9_checkered,
          minmay_the_grid_triangle_9x9_zippers_vertical,
          minmay_the_grid_triangle_9x9_intruding_spiral,
          minmay_the_grid_triangle_9x9_prize_center], layout_cave_pools,
          uniq_fannar, uniq_maggie, uniq_psyche

Skill      XL: |  1  2  3  4  5  6  7  8  9 10 11 |
---------------+----------------------------------+-----
Polearms       | 3 4 6 7 8 10 11 | 11.0
Shields        | 6 8 10 | 10.5
Armour         | 6 8 10 | 10.1
Fighting       | 5 7 8 |  8.5

Action                   |  1- 3 |  4- 6 |  7- 9 | 10-12 || total
-------------------------+-------+-------+-------+-------++-------
Melee: Trident           |   127 |   204 |   490 |   529 ||  1350
       Bardiche          |       |       |       |    68 ||    68
       Halberd           |       |       |       |    51 ||    51
 Abil: Dig               |       |       |       |     1 ||     1
  Use: Potion            |       |     1 |     6 |     1 ||     8
       Scroll            |       |       |    10 |    11 ||    21
 Stab: Paralysed         |       |       |     9 |    19 ||    28
Armor: Scale mail        |    58 |    56 |   172 |       ||   286
       Skin              |       |       |     2 |       ||     2
       Chain mail        |       |       |     9 |   210 ||   219
Dodge: Dodged            |    52 |    46 |   147 |   154 ||   399
Block: Kite shield       |    63 |    82 |   265 |   324 ||   734
